 Dungeon Crawl Stone Soup version 0.27.0-1-g7a089689b8 (webtiles) character file.

Game seed: 14827777159959080184

28 SnakkuSnakku7 the Sneak (level 3, 0/22 HPs)
             Began as a Gargoyle Enchanter on Aug 15, 2021.
             Slain by an adder (4 damage)
             ... on level 2 of the Dungeon.
             The game lasted 00:01:27 (1191 turns).

SnakkuSnakku7 the Sneak (Gargoyle Enchanter)        Turns: 1191, Time: 00:01:27

Health: 0/22       AC:  5    Str: 12    XL:     3   Next: 12%
Magic:  5/6        EV: 11    Int: 15    God:
Gold:   37         SH:  0    Dex: 10    Spells: 5/6 levels left

rFire    . . .     SeeInvis .   d - +0 morningstar
rCold    . . .     Faith    .   (no shield)
rNeg     + . .     Spirit   .   b - +0 robe
rPois    ∞         Reflect  .   (no helmet)
rElec    +         Harm     .   (no cloak)
rCorr    .         Rampage  .   (no gloves)
Will     .....                  (no boots)
Stlth    ++........             (no amulet)
HPRegen  0.07/turn              (no ring)
MPRegen  0.10/turn              (no ring)

@: no status effects
A: sickness immunity, AC +3, negative energy resistance 1, electricity
resistance, torment resistance 1, petrification resistance
a: no special abilities


You were on level 2 of the Dungeon.
You visited 1 branch of the dungeon, and saw 2 of its levels.

You collected 37 gold pieces.

Inventory:

Hand Weapons
 a - a +1 dagger
 d - a +0 morningstar (weapon)
Armour
 b - a +0 robe (worn)
Scrolls
 f - a scroll of silence {unknown}
 h - a scroll of blinking {unknown}
 i - 3 scrolls of enchant armour {unknown}
Potions
 c - a potion of brilliance {unknown}
 e - a potion of heal wounds {unknown}
 g - a potion of degeneration {unknown}


   Skills:
 + Level 2.6 Fighting
 - Level 0.8 Short Blades
 + Level 1.0 Maces & Flails
 - Level 1.5 Dodging
 - Level 3.2 Stealth
 - Level 2.0 Spellcasting
 - Level 2.6 Hexes


You had 5 spell levels left.
You knew the following spells:

 Your Spells              Type           Power      Damage    Failure   Level
a - Corona                Hex            10%        N/A       8%          1

Your spell library contained the following spells:

 Spells                   Type           Power      Damage    Failure   Level
 Ensorcelled Hibernation  Hex/Ice        10%        N/A       19%         2
 Confusing Touch          Hex            9%         N/A       22%         3
 Tukima's Dance           Hex            9%         N/A       22%         3
 Dazzling Flash           Conj/Hex       10%        N/A       36%         3


Dungeon Overview and Level Annotations

Branches:
Dungeon (2/15)

Altars:


Innate Abilities, Weirdness & Mutations

You are immune to sickness and miasma.
Your stone body is resilient. (AC +3)
You are immune to poison.
You resist negative energy. (rN+)
You are resistant to electric shocks. (rElec)
You are resistant to unholy torment.
You are immune to petrification.


Message History

i - 3 scrolls labelled DABYAGURHA An adder comes into view.
The adder hisses angrily.
The adder closely misses you. The adder bites you.
You closely miss the adder. The adder bites you but does no damage.
The adder completely misses you.
You closely miss the adder. The adder bites you.
You barely miss the adder. The adder bites you but does no damage.
The adder barely misses you.
You hit the adder but do no damage. The adder bites you. x2
You hit the adder but do no damage. The adder closely misses you.
The adder barely misses you.
Casting: Corona (safe; 8% risk of failure)
Confirm with . or Enter, or press ? or * to list all spells.
Aiming: Corona (safe; 8% risk of failure)
Press: ? - help, Shift-Dir - straight line, f - adder
Aim: an adder (chance to affect: 52%)
The adder struggles to resist.
The adder misses you. The adder bites you but does no damage.
You barely miss the adder. The adder bites you. The adder barely misses you.
Casting: Corona (safe; 8% risk of failure)
Confirm with . or Enter, or press ? or * to list all spells.
Aiming: Corona (safe; 8% risk of failure)
Press: ? - help, Shift-Dir - straight line, f/p - adder
Aim: an adder (chance to affect: 52%)
The adder is outlined in light.
The adder bites you.
You completely miss the adder. The adder barely misses you. x2
You closely miss the adder. The adder misses you. The adder barely misses you.
You closely miss the adder. The adder bites you.
* * * LOW HITPOINT WARNING * * *
The adder bites you but does no damage.
You closely miss the adder. The adder closely misses you.
The adder bites you but does no damage.
You barely miss the adder. The adder bites you.
* * * LOW HITPOINT WARNING * * *
You barely miss the adder.
The adder stops glowing.
The adder misses you. The adder bites you.
* * * LOW HITPOINT WARNING * * *
You closely miss the adder. The adder closely misses you. The adder bites you.
You die...

..######<.......
......)..#######
.#######.# .#
#... ## ##### #
# # ######.# ##
#..@S..# .##
#.######
..############.#
#..............#
........########
.######.## ##
#...# #...#
#...#


You could see an adder.

Vanquished Creatures
  3 ball pythons (D:1)
  A bat (D:1)
  2 endoplasms (D:1)
  2 goblins (D:1)
  2 hobgoblins (D:1)
  3 kobolds
  2 quokkas (D:1)
  3 frilled lizards (D:1)
  10 rats (D:1)
28 creatures vanquished.

Notes
Turn   | Place    | Note
-------+----------+-------------------------------------------
     0 | D:1      | SnakkuSnakku7 the Gargoyle Enchanter began the quest for
                  | the Orb.
     0 | D:1      | Reached XP level 1. HP: 10/10 MP: 3/3
    45 | D:1      | Reached skill level 1 in Fighting
    86 | D:1      | Reached XP level 2. HP: 17/17 MP: 5/5
   713 | D:1      | Found a faded altar of an unknown god.
   789 | D:1      | Reached XP level 3. HP: 22/22 MP: 6/6
   981 | D:2      | Reached skill level 1 in Maces & Flails
  1191 | D:2      | Slain by an adder

Illustrated notes

Levels and vault maps discovered:
D:1:      lightli_molten_gateway, layout_basic, basic_ecumenical_altar,
          kennysheep_crisscross, minmay_rat_gold_closets
D:2:      layout_rooms, serial_shops, nicolae_lakefront_shop,
          uniq_crazy_yiuf_cottage, uniq_jessica

Skill      XL: |  1  2  3 |
---------------+----------+-----
Fighting       | 1 2 |  2.6
Maces & Flails | 1 |  1.0
Short Blades   | |  0.8
Dodging        | |  1.5
Stealth        | |  3.2
Spellcasting   | |  2.0
Hexes          | |  2.6

Action                   || total
-------------------------++-------
Melee: Dagger            ||    26
       Morningstar       ||    59
 Cast: Corona            ||     4
 Stab: Sleeping          ||    11
Armor: Robe              ||    26
Dodge: Dodged            ||    54
